 Dungeon Crawl Stone Soup version 0.29-a0-517-gbdf32494f2 (webtiles) character file.

Game seed: 3018680847270026888

25 purpskrrrp the Scratcher (level 2, -1/14 HPs)
             Began as a Felid Fighter on May 30, 2022.
             Slain by a gnoll
             ... wielding a +0 spear
              (7 damage)
             ... on level 2 of the Dungeon.
             The game lasted 00:02:35 (936 turns).

purpskrrrp the Scratcher (Felid Fighter)             Turns: 936, Time: 00:02:35

Health: -1/14      AC:  1    Str: 12    XL:     2   Next: 86%
Magic:  3/3        EV: 18    Int:  9    God:
Gold:   76         SH:  0    Dex: 15    Spells: 1/1 levels left
                                        Lives:  0   Deaths: 0

rFire   . . .      SeeInvis +     - Unarmed
rCold   . . .      Faith    .   (shield unavailable)
rNeg    . . .      Spirit   .   (body armour unavailable)
rPois   .          Reflect  .   (helmet unavailable)
rElec   .          Harm     .   (cloak unavailable)
rCorr   .          Rampage  .   (gloves unavailable)
Will    .....                   (boots unavailable)
Stlth   +.........              (no amulet)
HPRegen 0.04/turn               (no ring)
MPRegen 0.08/turn               (no ring)

@: quick
A: very small, claws 1, fangs 3, see invisible, speed 1, shaggy fur 1, stealthy
paws, no weapons or thrown items, no armour, multi-lived
a: no special abilities


You were on level 2 of the Dungeon.
You visited 1 branch of the dungeon, and saw 2 of its levels.

You collected 76 gold pieces.

Inventory:

Scrolls
 c - a scroll of identify {unknown}
 d - a scroll of immolation {unknown}
 e - a scroll of teleportation {unknown}
Potions
 a - a potion of might
 b - 2 potions of curing {unknown}
 f - a potion of cancellation {unknown}


   Skills:
 + Level 3.3 Fighting
 + Level 4.3 Dodging
 + Level 4.5 Unarmed Combat


You had one spell level left.
You didn't know any spells.
Your spell library was empty.

Dungeon Overview and Level Annotations

Branches:
Dungeon (2/15)

Altars:

Shops:
D:1 [


Innate Abilities, Weirdness & Mutations

You have sharp claws.
You have razor-sharp teeth.
You have supernaturally acute eyesight. (SInv)
You cover ground quickly. (Speed+)
You are covered in fur. (AC +1)
Your paws help you pounce on unaware monsters.
You are incapable of wielding weapons or throwing items.
You cannot wear armour.
You gain extra lives every three experience levels.


Message History

You scratch the rat.
You kill the rat!
You see here a rat corpse.
HP restored.
e - a scroll labelled ZUHAKH KEMEVA
Found a robe.
You now have 70 gold pieces (gained 19).
You now have 76 gold pieces (gained 6).
You see here a +0 robe.
An endoplasm comes into view.
Found an orange potion.
The endoplasm quivers.
An endoplasm is nearby!
You claw the endoplasm!
You kill the endoplasm!
f - an orange potion A gnoll comes into view.
It is wielding a +0 spear.
The gnoll shouts!
You hear a shout! x4
A gnoll comes into view. It is wielding a +0 club.
The gnoll shouts!
A gnoll comes into view. It is wielding a +0 flail.
The gnoll shouts!
A hobgoblin and a goblin come into view.
Found a stone staircase leading down.
The gnoll misses you.
You closely miss the gnoll.
A rat comes into view.
The gnoll misses you.
An endoplasm comes into view.
The gnoll closely misses you.
The hobgoblin shouts!
The gnoll misses you.
You see here a +0 robe.
You closely miss the gnoll. The gnoll misses you. The gnoll closely misses you.
You barely miss the gnoll. You scratch the gnoll but do no damage.
The gnoll hits you with a +0 club!
Ouch! That really hurt!
The gnoll hits you from afar with a +0 spear!
Ouch! That really hurt!
You die...

#.# #..........##..
#.######..........#..#
#†#.................#
#.#................#
#.#................###
.#>
#.#...................##
.#. #.#.............#...
.. #...
#.#........##..#####
#.###..#
#.#........###@#
......#. #.#........#
#g# ....... #.###..#####
#g# ##g..... #.# #..#
#g#########....... #.#
#..# #.g.g##......#...#
#.###..#
####.##.#...#.....
#.##...# #gg....###..#.#
#.##.#.#######.....r..##
....#
#..............##.....#
#.##J


You could see 3 gnolls and a hobgoblin.

Vanquished Creatures
  A dart slug (D:1)
  A ball python (D:2)
  5 endoplasms
  A giant cockroach (D:1)
  3 hobgoblins (D:1)
  2 quokkas (D:1)
  3 bats
  3 kobolds (D:1)
  3 rats
22 creatures vanquished.

Notes
Turn   | Place    | Note
-------+----------+-------------------------------------------
     0 | D:1      | purpskrrrp the Felid Fighter began the quest for the Orb.
     0 | D:1      | Reached XP level 1. HP: 10/10 MP: 2/2
    35 | D:1      | Found a faded altar of an unknown god.
   204 | D:1      | Reached XP level 2. HP: 14/14 MP: 3/3
   269 | D:1      | Found Osiun's Armour Shoppe.
   936 | D:2      | Slain by a gnoll

Illustrated notes

Levels and vault maps discovered:
D:1:      lightli_arrival_farm, layout_rooms, serial_shops, shop,
          shapermc_ecumenical_altar_totnotflames,
          nicolae_concentric_dashed_squares_wild
D:2:      layout_rooms

Action                   || total
-------------------------++-------
Melee: Unarmed           ||    47
       Punch             ||     2
       Bite              ||     1
 Stab: Sleeping          ||     1
Armor: Skin              ||     1
Dodge: Dodged            ||    47

Table legend: (Time is in decaauts)
 A = Elapsed time spent in this place.
 B = Non-inter-level travel time spent in this place.
 C = Inter-level travel time spent in this place.
 D = Time resting spent in this place.
 E = Time spent auto-exploring this place.
 F = Levels seen in this place.
 G = Mean time per level.
                   A        B        C        D        E       F      G
               +--------+--------+--------+--------+--------+-----+--------+
         Total |    798 |    793 |      5 |     88 |    494 |   2 |  399.0 |
       Dungeon |    798 |    793 |      5 |     88 |    494 |   2 |  399.0 |
               +--------+--------+--------+--------+--------+-----+--------+

Top non-repeatable levels by time:
     D:1: 642 daAuts
     D:2: 155 daAuts
